 Dungeon Crawl Stone Soup version 0.28.0-45-g0d030f2227 (webtiles) character file.

Game seed: 13134843716301616008

123 Gabide the Chiller (level 4, -1/34 HPs)
             Began as a Demigod Ice Elementalist on Mar 30, 2022.
             Slain by Jessica
             ... wielding a +0 dagger
              (5 damage)
             ... on level 2 of the Dungeon.
             The game lasted 00:02:05 (1838 turns).

Gabide the Chiller (Demigod Ice Elementalist)       Turns: 1838, Time: 00:02:07

Health: -1/34      AC:  2    Str:  9    XL:     4   Next: 52%
Magic:  6/11       EV: 12    Int: 21    God:
Gold:   49         SH:  0    Dex: 14    Spells: 7/8 levels left

rFire   . . .      SeeInvis .   (no weapon)
rCold   . . .      Faith    .   (no shield)
rNeg    . . .      Spirit   .   a - +0 robe
rPois   .          Reflect  .   (no helmet)
rElec   .          Harm     .   (no cloak)
rCorr   .          Rampage  .   (no gloves)
Will    .....                   (no boots)
Stlth   ++........              (no amulet)
HPRegen 0.11/turn               (no ring)
MPRegen 0.12/turn               (no ring)

@: no status effects
A: high MP 1, forlorn, divine attributes
a: no special abilities


You were on level 2 of the Dungeon.
You visited 1 branch of the dungeon, and saw 2 of its levels.

You collected 49 gold pieces.

Inventory:

Armour
 a - a +0 robe (worn)
Scrolls
 b - a scroll of identify {unknown}
 g - a scroll of enchant weapon {unknown}
Potions
 c - a potion of brilliance {unknown}
 d - 2 potions of attraction {unknown}
 e - a potion of curing {unknown}
 f - a potion of mutation {unknown}
 h - a potion of heal wounds {unknown}
 i - a potion of degeneration {unknown}


   Skills:
 * Level 0.5 Fighting
 * Level 2.1 Dodging
 + Level 1.7 Stealth
 * Level 2.9 Spellcasting
 * Level 4.7 Ice Magic


You had 7 spell levels left.
You knew the following spells:

 Your Spells              Type           Power      Damage    Failure   Level
a - Freeze                Ice            92%        1d10      1%          1

Your spell library contained the following spells:

 Spells                   Type           Power      Damage    Failure   Level
 Frozen Ramparts          Ice            46%        1d6       6%          3
 Ozocubu's Armour         Ice            23%        N/A       6%          3
 Hailstorm                Conj/Ice       13%        3d5       45%         4


Dungeon Overview and Level Annotations

Branches:
Dungeon (2/15)

Annotations:
D:2 Jessica


Innate Abilities, Weirdness & Mutations

You have an increased reservoir of magic. (+10% MP)
You shall have no god before yourself.
Your divine heritage dramatically boosts your attributes as you level up.


Message History

Pain shoots through your body!
You are too injured to fight recklessly!
A goblin comes into view. It is wielding a +0 club.
Jessica drinks a potion.
Jessica flickers and vanishes!
Deactivating autopickup; reactivate with Ctrl-A.
You miss something.
The goblin shouts!
Something hits you.
Aiming: Freeze (safe; 1% risk of failure)
Press: ? - help, Q - select action Shift-Dir - straight line You freeze something.
Something hits you.
Aiming: Freeze (safe; 1% risk of failure)
Press: ? - help, Q - select action Shift-Dir - straight line You freeze something.
The endoplasm hits you.
You hear some strange, mumbled words.
Aiming: Freeze (safe; 1% risk of failure)
Press: ? - help, Q - select action Shift-Dir - straight line
Okay, then.
Unknown command.
Unknown command.
The goblin hits you with a +0 club.
* * * LOW HITPOINT WARNING * * *
Found a stone staircase leading down.
The goblin hits you with a +0 club.
* * * LOW HITPOINT WARNING * * *
Found a blackened beryl amulet.
You see here a +0 chain mail.
You closely miss something. Something hits you but does no damage.
The endoplasm freezes you.
You are frozen.
* * * LOW HITPOINT WARNING * * *
The goblin closely misses you.
Aiming: Freeze (safe; 1% risk of failure)
Press: ? - help, Q - select action Shift-Dir - straight line, f - endoplasm
Aim: an endoplasm You freeze the endoplasm.
The endoplasm is severely wounded.
Something hits you.
You die...

#............................
#......####.........[.##.#...
#......# #..#.........# ..#..
#...<..# #............# .#
#...#### #.......#.##.# .
#.#.# ##..###....##.. ..
#.#.#####.>.###.......
#............g........
#.####.....J@....... ..
#....##........ ..
#..####........ #†.#
......... ...J# .........
##.... ..........
#......"........
...........>#### .....#...


You could see an endoplasm and a goblin.

Vanquished Creatures
  Natasha (thrice) (D:2)
  Robin (D:2)
  6 bats
  4 endoplasms
  2 giant cockroaches
  8 goblins
  7 hobgoblins
  2 quokkas (D:2)
  2 frilled lizards
  A kobold (D:2)
  A rat (D:2)
37 creatures vanquished.

Vanquished Creatures (others)
  6 plants (D:1)
6 creatures vanquished.

Grand Total: 43 creatures vanquished

Notes
Turn   | Place    | Note
-------+----------+-------------------------------------------
     0 | D:1      | Gabide the Demigod Ice Elementalist began the quest for the
                  | Orb.
     0 | D:1      | Reached XP level 1. HP: 14/14 MP: 5/5
   473 | D:1      | Reached skill level 4 in Ice Magic
   473 | D:1      | Reached XP level 2. HP: 20/20 MP: 5/7
   770 | D:2      | Noticed Natasha
   776 | D:2      | Killed Natasha
   777 | D:2      | Reached XP level 3. HP: 27/27 MP: 4/8
   946 | D:2      | Noticed Robin
  1434 | D:2      | Noticed Natasha
  1579 | D:2      | Killed Robin
  1717 | D:2      | Killed Natasha
  1718 | D:2      | Reached XP level 4. HP: 34/34 MP: 6/10
  1819 | D:2      | Noticed Natasha
  1822 | D:2      | Noticed Jessica
  1825 | D:2      | Killed Natasha
  1838 | D:2      | Slain by Jessica

Illustrated notes

Levels and vault maps discovered:
D:1:      co_arrival_hexagon_in_a_hexagon, layout_rooms,
          shapermc_ecumenical_altar_petra, kennysheep_flooded_box,
          serial_bayou_pond_c, due_unseen_surprise
D:2:      layout_rooms, uniq_natasha, uniq_robin, uniq_crazy_yiuf_cottage,
          uniq_jessica

Skill      XL: |  1  2 |
---------------+-------+-----
Ice Magic      | 4 |  4.7
Dodging        | 2 |  2.1
Spellcasting   | 2 |  2.9
Fighting       | |  0.5
Stealth        | |  1.7

Action                   |  1- 3 |  4- 6 || total
-------------------------+-------+-------++-------
Melee: Unarmed           |     3 |     3 ||     6
 Cast: Freeze            |    48 |    12 ||    60
Armor: Robe              |    10 |     1 ||    11
Dodge: Dodged            |    28 |     6 ||    34
